 Dungeon Crawl Stone Soup version 0.24-a0-361-g57161393b2 (webtiles) character file.

Game seed: 1864093934324219107

254 Azzok the Cutter (level 6, -23/32 HPs)
             Began as a Vine Stalker Fighter on May 26, 2019.
             Annihilated by a large abomination (25 damage)
             ... on level 1 of the Abyss.
             The game lasted 00:04:05 (2801 turns).

Azzok the Cutter (Vine Stalker Fighter)             Turns: 2801, Time: 00:04:05

Health: -23/32     AC: 12    Str: 21    XL:     6   Next: 15%
Magic:  0/7        EV:  5    Int:  8    God:
Gold:   167        SH:  9    Dex: 13    Spells: 5/5 levels left

rFire    . . .     SeeInvis .   a - +0 rapier
rCold    . . .     Gourm    .   c - +0 shield
rNeg     . . .     Faith    .   g - +0 chain mail
rPois    .         Spirit   +   p - +0 helmet
rElec    .         Reflect  .   (no cloak)
rCorr    .         Harm     .   (no gloves)
MR       .....                  o - +1 pair of boots
Stlth    ..........             (no amulet)
HPRegen  0.50/turn              (no ring)
MPRegen  0.10/turn              (no ring)

@: no status effects
A: fangs 2, regeneration 1, magic shield, antimagic bite, no potion heal 3, rot
immunity
a: no special abilities


You were on level 1 of the Abyss.
You were not hungry.

You visited 1 branch of the dungeon, and saw 4 of its levels.
You visited the Abyss 1 time.

You collected 167 gold pieces.

Inventory:

Hand Weapons
 a - a +0 rapier (weapon)
Armour
 c - a +0 shield (worn)
 g - a +0 chain mail (worn)
 o - a +1 pair of boots (worn)
 p - a +0 helmet (worn)
Wands
 q - a wand of acid (10)
Scrolls
 h - 2 scrolls of fear {unknown}
 k - 2 scrolls of enchant armour {unknown}
 l - 3 scrolls of teleportation {unknown}
 m - 4 scrolls of remove curse {unknown}
 n - 2 scrolls of fog {unknown}
 t - 4 scrolls of identify {unknown}
 u - a scroll of amnesia {unknown}
Potions
 b - 2 potions of ambrosia {unknown}
 d - 2 potions of might
 e - a potion of berserk rage {unknown}
 i - 2 potions of invisibility {unknown}
 j - a potion of degeneration {unknown}
 r - a potion of magic {unknown}
Comestibles
 f - 5 rations
 s - a chunk of flesh


   Skills:
 - Level 2.8 Fighting
 + Level 5.4 Short Blades
 - Level 2.5 Armour
 - Level 2.8 Shields


You had 5 spell levels left.
You didn't know any spells.
Your spell library contained the following spells:

 Spells                   Type           Power        Failure   Level  Hunger
 Animate Skeleton         Necr           N/A          100%        1    ##.....
 Apportation              Tloc           #.....       100%        1    ##.....
 Confusing Touch          Hex            #.....       100%        1    ##.....
 Summon Small Mammal      Summ           #...         100%        1    ##.....


Dungeon Overview and Level Annotations

Branches:
Dungeon (4/15)
 Temple: D:4-7

Altars:

Annotations:
D:4 Edmund


Innate Abilities, Weirdness & Mutations

You have extremely sharp teeth.
Your natural rate of healing is unusually fast.
When hurt, damage is shared between your health and your magic reserves.
Your bite disrupts and absorbs the magic of your enemies.
Potions cannot restore your health.
You are immune to rotting.


Message History

You are too injured to fight recklessly!
You are too injured to fight recklessly!
You are too injured to fight recklessly!
You are too injured to fight recklessly!
You are too injured to fight recklessly!
You are too injured to fight recklessly!
You are too injured to fight recklessly!
You are too injured to fight recklessly!
You are too injured to fight recklessly!
Your shield and chain mail prevent you from hitting the large abomination.
The large abomination is lightly damaged.
The large abomination hits you!!
* * * LOW MAGIC WARNING * * *;
* * * LOW HITPOINT WARNING * * *
2 raiju come into view.
The raiju barks! x3
You hit the large abomination but do no damage.
The large abomination is lightly damaged.
The large abomination hits you!!
Ouch! That really hurt!
You die...

·▒·▒ ··▒ ▒▒·▒▒· ▒·
▒···▒·▒ · ▒▒▒·· ·· · ▒
▒▒··▒··· ▒· ▒▒
▒▒▒·▒····▒·▒ ▒·▒▒▒▒·
▒··▒▒ ··▒··▒
·▒▒▒▒▒··▒▒▒·▒·h▒▒▒·▒·▒··
·······@············· ▒·
▒····▒··X··▒··h··▒····▒▒
▒·· ▒▒···▒▒▒···▒▒▒·▒·▒ ▒
▒·····▒· ···▒···▒ ▒
········h······
··········· ·· ·
···········[······
···▒·····▒····$▒··


You could see a large abomination and 3 raiju.

Vanquished Creatures
  Natasha (thrice) (D:2)
  3 orc wizards
  A hound skeleton (D:3)
  Robin (D:1)
  An adder (D:2)
  3 worms
  2 dart slugs
  2 leopard geckos
  3 orcs
  2 giant cockroaches
  12 goblins
  8 hobgoblins
  A quokka (D:4)
  3 bats
  2 frilled lizards (D:1)
  A giant cockroach zombie (D:3)
  4 kobolds
  2 rats
54 creatures vanquished.

Notes
Turn   | Place    | Note
-------+----------+-------------------------------------------
     0 | D:1      | Azzok the Vine Stalker Fighter began the quest for the Orb.
     0 | D:1      | Reached XP level 1. HP: 11/11 MP: 2/2
   119 | D:1      | Reached XP level 2. HP: 12/16 MP: 3/3
   200 | D:1      | Reached skill level 2 in Short Blades
  1083 | D:2      | Noticed Natasha
  1090 | D:2      | Killed Natasha
  1090 | D:2      | Reached skill level 3 in Short Blades
  1090 | D:2      | Reached XP level 3. HP: 14/19 MP: 4/4
  1197 | D:2      | You fall into a shaft and drop 1 floor!
  1225 | D:3      | Gained mutation: Your natural rate of healing is unusually
                  | fast. [Vine Stalker growth]
  1225 | D:3      | Reached XP level 4. HP: 14/23 MP: 5/5
  1258 | D:3      | Reached skill level 4 in Short Blades
  1471 | D:2      | Reached XP level 5. HP: 24/28 MP: 4/6
  1565 | D:2      | Noticed Robin
  1826 | D:1      | Killed Robin
  1901 | D:2      | Noticed Natasha
  1906 | D:2      | Killed Natasha
  2071 | D:2      | Noticed Natasha
  2089 | D:2      | Killed Natasha
  2089 | D:2      | Reached skill level 5 in Short Blades
  2605 | D:3      | Reached XP level 6. HP: 32/32 MP: 7/7
  2722 | D:4      | Noticed Edmund
  2742 | D:4      | Cast into level 1 of the Abyss (Edmund)
  2791 | Abyss:1  | Noticed a large abomination
  2800 | Abyss:1  | HP: 1/32 [large abomination (15)]
  2801 | Abyss:1  | Noticed a raiju
  2801 | Abyss:1  | Noticed a raiju
  2801 | Abyss:1  | Noticed a raiju
  2801 | Abyss:1  | Annihilated by a large abomination

Levels and vault maps discovered:
D:1:      dpeg_arrival_chase, layout_loops_ring
D:2:      layout_basic, uniq_natasha, uniq_robin
D:3:      layout_rooms, minivault_4, grunt_ministairs_12
D:4:      cheibrodos_old_hovel, layout_loops_ring, uniq_edmund
Abyss:1

Skill      XL: |  1  2  3  4  5 |
---------------+----------------+-----
Short Blades   | 3 4 5 |  5.4
Fighting       | |  2.8
Armour         | |  2.5
Shields        | |  2.8

Action                   |  1- 3 |  4- 6 || total
-------------------------+-------+-------++-------
Melee: Rapier            |    78 |   124 ||   202
       Bite              |    20 |    41 ||    61
Evoke: Wand              |       |     2 ||     2
  Eat: Chunk             |     1 |     5 ||     6
Armor: Chain mail        |    28 |    53 ||    81
Dodge: Dodged            |    10 |    22 ||    32
Block: Shield            |    39 |    59 ||    98

Table legend:
 A = Non-vault XP
 B = Vault XP
 C = Vault XP percentage of total XP
 D = Non-vault monster count
 E = Vault monster count
 F = Vault count percentage of total count
                 A         B        C        D         E       F
            +---------+---------+-------+---------+---------+-------
      Total |     287 |      77 |  21.2 |      40 |      14 |  25.9
            +---------+---------+-------+---------+---------+-------
        D:1 |      23 |      24 |  51.1 |      13 |       5 |  27.8
        D:2 |     109 |      50 |  31.4 |      13 |       8 |  38.1
        D:3 |     110 |       3 |   2.7 |      11 |       1 |   8.3
        D:4 |      45 |       0 |   0.0 |       3 |       0 |   0.0
            +---------+---------+-------+---------+---------+-------
